 Dungeon Crawl Stone Soup version 0.21-a0-94-gdd6ab6a (webtiles) character file.

28 tilp the Firebug (level 3, -1/26 HPs)
             Began as a Hill Orc Fire Elementalist on July 2, 2017.
             Slain by a gnoll
             ... wielding a +0 halberd
              (14 damage)
             ... on level 2 of the Dungeon.
             The game lasted 00:02:49 (1232 turns).

tilp the Firebug (Hill Orc Fire Elementalist)       Turns: 1232, Time: 00:02:49

Health: -1/26      AC:  2    Str: 10    XL:     3   Next: 12%
Magic:  5/7        EV: 12    Int: 16    God:
Gold:   44         SH:  0    Dex: 11    Spells: 6/7 levels left

rFire    . . .     SeeInvis .   j - +3 spear
rCold    . . .     Gourm    .   (no shield)
rNeg     . . .     Faith    .   a - +0 robe
rPois    .         Spirit   .   (no helmet)
rElec    .         Reflect  .   (no cloak)
rCorr    .         Harm     .   (no gloves)
MR       .....                  (no boots)
Stlth    ++........             (no amulet)
HPRegen  0.08/turn              (no ring)
MPRegen  0.10/turn              (no ring)

@: no status effects
A: no striking features
a: no special abilities


You were on level 2 of the Dungeon.
You were not hungry.

You visited 1 branch of the dungeon, and saw 2 of its levels.

You collected 44 gold pieces.

Inventory:

Hand Weapons
 j - a +3 spear (weapon)
Missiles
 d - 9 tomahawks (quivered)
Armour
 a - a +0 robe (worn)
Scrolls
 k - a scroll of noise {unknown}
 l - a scroll of enchant weapon {unknown}
Potions
 e - a potion of resistance {unknown}
 m - a potion of heal wounds {unknown}
Books
 b - a book of Flames

   Spells                             Type                      Level
   a - Flame Tongue                   Conjuration/Fire             1
   b - Throw Flame                    Conjuration/Fire             2
   c - Conjure Flame                  Conjuration/Fire             3
   d - Inner Flame                    Hexes/Fire                   3
   e - Sticky Flame                   Conjuration/Fire             4
   f - Fireball                       Conjuration/Fire             5
Comestibles
 c - a bread ration
 f - 3 chunks of flesh
 g - a royal jelly
 h - a meat ration
 i - a fruit


   Skills:
 - Level 1.5 Dodging
 - Level 1.5 Stealth
 + Level 2.7 Spellcasting
 - Level 1.0 Conjurations
 - Level 3.2 Fire Magic


You had 6 spell levels left.
You knew the following spells:

 Your Spells              Type           Power        Failure   Level  Hunger
a - Flame Tongue          Conj/Fire      #....        8%          1    #......


Dungeon Overview and Level Annotations

Branches:
Dungeon (2/15)

Altars:


Message History

Aim: a gnoll, wielding a halberd The flame tongue hits the gnoll.
The gnoll is heavily wounded.
The gnoll hits you from afar with a halberd!
Ouch! That really hurt!
Attack whom?
Press: ? - help, Dir - move target cursor, f/p - gnoll
Aim: a gnoll, wielding a halberd (heavily wounded)
You reach to attack!
You hit the gnoll.
The gnoll is heavily wounded.
The gnoll closely misses you.
Casting: Flame Tongue
Confirm with . or Enter, or press ? or * to list all spells.
Aiming: Flame Tongue
Press: ? - help, Shift-Dir - straight line, f/p - gnoll
Aim: a gnoll, wielding a halberd (heavily wounded)
The flame tongue misses the gnoll.
The gnoll hits you from afar with a halberd!
Ouch! That really hurt!
You die...

#...#### #..# ..## #.##
. #.# ### #.#
...#####.# #♣♣
.........####.#♣♣
#.......##....#.♣♣ .
.#.........####..♣ ..
...###.....@.g...# ...
........#######..# g...
##........# ##.##....g
#.........# ##......g..
..#.......###..$.#.....
. #....................
..........###.##......
#....)...#.# #.# ......
.......#.... ..# #.....


You could see a gnoll.

Vanquished Creatures
  A gnoll (D:2)
  A leopard gecko (D:1)
  3 goblins (D:1)
  3 hobgoblins (D:1)
  A quokka (D:2)
  4 bats (D:1)
  A frilled lizard (D:1)
  2 kobolds (D:1)
  2 rats (D:2)
18 creatures vanquished.

Notes
Turn   | Place    | Note
-------+----------+-------------------------------------------
     0 | D:1      | tilp the Hill Orc Fire Elementalist began the quest for the Orb.
     0 | D:1      | Reached XP level 1. HP: 14/14 MP: 3/3
   659 | D:1      | Reached XP level 2. HP: 17/20 MP: 5/5
  1229 | D:2      | Reached XP level 3. HP: 26/26 MP: 7/7
  1232 | D:2      | Slain by a gnoll

Vault maps used:
D:1:      dpeg_arrival_tiny_h, dk_noncrumbling_3
D:2:      lemuel_coloured_pillars_altar, bloody_trog, serial_forest,
          infiniplex_forest_clump_tiny, infiniplex_forest_diagonal,
          infiniplex_forest_join, infiniplex_forest_clump_double,
          infiniplex_forest_clump_large, infiniplex_forest_clump_small,
          infiniplex_forest_clump_medium

Skill      XL: |  1 |
---------------+----+-----
Spellcasting   | 2 |  2.7
Dodging        | |  1.5
Stealth        | |  1.5
Conjurations   | |  1.0
Fire Magic     | |  3.2

Action                   || total
-------------------------++-------
Melee: Spear             ||    40
       Unarmed           ||     2
Throw: Tomahawk          ||    13
 Cast: Flame Tongue      ||    14
 Stab: Sleeping          ||     3
  Eat: Chunk             ||     1
Armor: Robe              ||     7
Dodge: Dodged            ||    33
